 Dungeon Sprint DCSS version 0.29-a0-284-gf9362112df (webtiles) character file.

Game seed: 11169379377013588012

1267 mhtbhm the Slinger (level 8, -2/64 HPs)
             Began as a Human Hunter on Mar 30, 2022.
             Was an Initiate of Qazlal.
             Succumbed to Erica's bolt of poison
             ... in the Dungeon (Sprint III: "The Ten Rune Challenge").
             The game lasted 00:05:10 (1363 turns).

mhtbhm the Slinger (Human Hunter)                   Turns: 1363, Time: 00:05:11

Health: -2/64      AC:  7    Str: 13    XL:     8   Next: 82%
Magic:  13/13      EV: 13    Int: 12    God:    Qazlal [......]
Gold:   21         SH:  0    Dex: 17    Spells: 10/12 levels left

rFire   . . .      SeeInvis .   l - +3 dagger (venom)
rCold   . . .      Faith    .   (no shield)
rNeg    . . .      Spirit   .   b - +0 leather armour
rPois   .          Reflect  .   (no helmet)
rElec   .          Harm     .   n - +0 cloak
rCorr   .          Rampage  .   (no gloves)
Will    .....      Rage     1%  (no boots)
Stlth   ++........ NoTele   +   (no amulet)
HPRegen 0.20/turn               (no ring)
MPRegen 0.13/turn               (no ring)

@: lethally poisoned (-2 -> -18)
A: iridescent scales 1, berserk 1, clever 1, high MP 1, wild magic 1
a: Renounce Religion


You were in the Dungeon.
You worshipped Qazlal.
Qazlal was noncommittal.
You visited 1 branch You collected 21 gold pieces.

Inventory:

Hand Weapons
 a - a +1 hunting sling
 l - a +3 dagger of venom (weapon)
 m - a +4 quarterstaff of chaos
 s - a +0 long sword of holy wrath
Missiles
 j - 5 javelins
Armour
 b - a +0 leather armour (worn)
 n - a +0 cloak (worn)
Wands
 f - a wand of iceblast (3)
 k - a wand of polymorph (9)
Scrolls
 c - 2 scrolls of immolation
 i - a scroll of blinking
 o - a scroll of holy word {unknown}
 p - 2 scrolls of identify {unknown}
Potions
 e - 2 potions of heal wounds
 g - 2 potions of magic
 h - a potion of berserk rage
 q - 2 potions of flight
 r - 5 potions of mutation
 t - a potion of might
Miscellaneous
 u - a tin of tremorstones (2/2)


   Skills:
 + Level 6.0 Fighting
 + Level 1.7 Short Blades
 + Level 14.9 Slings
 + Level 5.9 Armour
 + Level 4.1 Dodging
 - Level 1.7 Stealth
 * Level 2.6 Spellcasting
 * Level 2.8 Hexes
 * Level 2.8 Ice Magic
 + Level 2.1 Evocations


You had 10 spell levels left.
You knew the following spells:

 Your Spells              Type           Power      Damage    Failure   Level
a - Ensorcelled Hibernat  Hex/Ice        20%        N/A       22%         2

Your spell library contained the following spells:

 Spells                   Type           Power      Damage    Failure   Level
 Animate Skeleton         Necr           4%         N/A       41%         1
 Apportation              Tloc           4%         N/A       41%         1
 Summon Small Mammal      Summ           8%         N/A       41%         1
 Spider Form              Tmut/Pois      2%         N/A       75%         3
 Anguish                  Hex/Necr       3%         N/A       90%         4


Dungeon Overview and Level Annotations

Branches:
Dungeon (1/1)

Altars:
Cheibriados
Dithmenos
Elyvilon
Fedhas
Gozag
Hepliaklqana
Kikubaaqudgha
Makhleb
Nemelex Xobeh
Okawaru
Qazlal
Ru
Sif Muna
Trog
Uskayaw
Vehumet
Wu Jian
Xom
Yredelemnul
Zin
The Shining One
Beogh
Jiyva
Lugonu

Annotations:
D Erica


Innate Abilities, Weirdness & Mutations

You are partially covered in iridescent scales. (AC +2)
You tend to lose your temper in combat.
Your mind is acute. (Int +2)
You have an increased reservoir of magic. (+10% MP)
Your spells are a little harder to cast, but a little more powerful.


Message History

Erica points at you and mumbles some strange words.
You are confused.
You feel better.
Fire: a) +1 hunting sling
Press: ? - help, Q - select action, (/) - cycle Shift-Dir - straight line, f/p - Erica
Aim: Erica, wielding a +4 scimitar of flaming and wearing a +0 robe (black smoke, lightly wounded, 66% to hit)
You shoot a sling bullet. The sling bullet hits Erica!
Erica is moderately wounded.
Your +3 dagger of venom begins to drip with poison!
l - a +3 dagger of venom (weapon)
You hit Erica.
Erica is poisoned.
Erica is moderately wounded.
Erica hits you with a +4 scimitar of flaming!
Erica burns you.
You hit Erica but do no damage.
Erica looks as sick as possible!
Erica is moderately wounded.
Erica hits you with a +4 scimitar of flaming!
Erica burns you.
You hit Erica.
Erica looks as sick as possible!
Erica is heavily wounded.
Erica hits you with a +4 scimitar of flaming!
Erica burns you.
You hit Erica.
Erica looks as sick as possible!
Erica is severely wounded.
Erica closely misses you.
You hit Erica.
Erica looks as sick as possible!
Erica is severely wounded.
Erica splashes around in the water.
You hit Erica.
Erica looks as sick as possible!
Erica is almost dead.
Erica barely misses you.
You hit Erica.
Erica looks as sick as possible!
Erica is almost dead.
Erica gestures at you while chanting. The bolt of poison hits you!!
You are poisoned.
* * * LOW HITPOINT WARNING * * *
You hit Erica but do no damage.
Erica is almost dead.
You die...

##.############
#..#___#___#__#
#..#...#__)#._#
#..###'#'###)##
#..#..........#
...'.÷........#
...#...######'#
...#.⌠.#__#...#+#####
...#)).#__#...#.@§§≈+
...#'###__#...#.#@≈≈#
...#...#__#...'.#§§§#
...#___#__'...#.#§§§#
▓▓▓▓▓▓▓▓▓▓▓▓▓▓▓▓▓▓▓▓▓


You could see Erica (extremely poisoned).

Vanquished Creatures
  A deep elf pyromancer (D)
  A shadow (D)
  A spatial vortex (D)
  A necrophage (D)
  A water elemental (D)
  A howler monkey (D)
  A jelly (D)
  A wizard (D)
  Jessica (D)
  A necromancer (D)
  3 humans (D)
  A kobold demonologist (D)
  2 rats (D)
16 creatures vanquished.

Notes
Turn   | Place    | Note
-------+----------+-------------------------------------------
     0 | D        | mhtbhm the Human Hunter began the quest for the Orb.
     0 | D        | Reached XP level 1. HP: 16/16 MP: 1/1
    23 | D        | Noticed Jessica
    27 | D        | Killed Jessica
    28 | D        | Reached skill level 6 in Slings
    28 | D        | Reached XP level 2. HP: 23/23 MP: 2/2
    28 | D        | Reached XP level 3. HP: 28/28 MP: 3/3
    62 | D        | Reached skill level 7 in Slings
   234 | D        | Noticed Crazy Yiuf
   239 | D        | Noticed Crazy Yiuf
   239 | D        | Crazy Yiuf changed into Crazy Yiuf the howler monkey
   246 | D        | Killed Crazy Yiuf the howler monkey
   247 | D        | Reached skill level 8 in Slings
   247 | D        | Reached skill level 1 in Armour
   247 | D        | Reached XP level 4. HP: 30/35 MP: 4/4
   283 | D        | Gained mutation: You have an increased reservoir of magic.
                  | (+10% MP) [potion of mutation]
   283 | D        | Gained mutation: Your spells are a little harder to cast,
                  | but a little more powerful. [potion of mutation]
   283 | D        | Gained mutation: You have hidden genetic potential. [potion
                  | of mutation]
   290 | D        | Noticed a water elemental
   317 | D        | Killed a water elemental
   318 | D        | Reached skill level 9 in Slings
   318 | D        | Reached XP level 5. HP: 41/41 MP: 5/5
   341 | D        | Gained mutation: You are partially covered in iridescent
                  | scales. (AC +2) [hidden potential]
   346 | D        | Found a radiant altar of Vehumet.
   346 | D        | Found a shimmering blue altar of Sif Muna.
   346 | D        | Found an ancient bone altar of Kikubaaqudgha.
   355 | D        | Noticed a soul eater
   356 | D        | Reached skill level 10 in Slings
   358 | D        | Noticed a neqoxec
   358 | D        | Gained mutation: You tend to lose your temper in combat. [a
                  | neqoxec]
   362 | D        | Reached XP level 6. HP: 24/48 MP: 6/6
   611 | D        | Reached skill level 11 in Slings
   726 | D        | Found a basalt altar of Yredelemnul.
   726 | D        | Found a shadowy altar of Dithmenos.
   726 | D        | Found a sacrificial altar of Ru.
   748 | D        | Reached skill level 12 in Slings
   754 | D        | Gained mutation: Your mind is acute. (Int +2) [hidden
                  | potential]
   754 | D        | Lost mutation: You have hidden genetic potential. [hidden
                  | potential expressed]
   847 | D        | Found a glowing silver altar of Zin.
   847 | D        | Found a glowing golden altar of the Shining One.
   847 | D        | Found a white marble altar of Elyvilon.
   847 | D        | Noticed a deep elf pyromancer
   850 | D        | Killed a deep elf pyromancer
   851 | D        | Reached skill level 5 in Fighting
   851 | D        | Reached skill level 1 in Short Blades
   851 | D        | Reached skill level 14 in Slings
   851 | D        | Reached skill level 5 in Armour
   851 | D        | Reached skill level 1 in Evocations
   851 | D        | Reached XP level 7. HP: 56/56 MP: 7/7
   851 | D        | Reached XP level 8. HP: 63/63 MP: 8/8
   865 | D        | Learned a level 2 spell: Ensorcelled Hibernation
   883 | D        | Found a hide-covered altar of Uskayaw.
   883 | D        | Found an iron altar of Okawaru.
   883 | D        | Found a bloodstained altar of Trog.
   883 | D        | Found an ornate altar of the Wu Jian Council.
   883 | D        | Noticed a human
   883 | D        | Noticed a human
   885 | D        | Killed a human
   886 | D        | Reached skill level 1 in Spellcasting
   886 | D        | Reached skill level 1 in Hexes
   886 | D        | Reached skill level 1 in Ice Magic
   896 | D        | Killed a human
  1126 | D        | Noticed a shadow
  1140 | D        | Killed a shadow
  1257 | D        | Found a blossoming altar of Fedhas.
  1257 | D        | Found a stormy altar of Qazlal.
  1257 | D        | Found a snail-covered altar of Cheibriados.
  1257 | D        | Found a burning altar of Makhleb.
  1257 | D        | Found a shimmering altar of Xom.
  1258 | D        | Found a hazy altar of Hepliaklqana.
  1258 | D        | Found an opulent altar of Gozag.
  1258 | D        | Found a sparkling altar of Nemelex Xobeh.
  1258 | D        | Found a corrupted altar of Lugonu.
  1258 | D        | Found a viscous altar of Jiyva.
  1334 | D        | Became a worshipper of Qazlal Stormbringer
  1346 | D        | Noticed Erica
  1362 | D        | HP: 1/64 [Erica/bolt of poison (24)]
  1363 | D        | Succumbed to Erica's bolt of poison

Illustrated notes

Levels and vault maps discovered:
D:        dungeon_sprint_mu [sprint_mu_entry_cave, sprint_mu_temple_rooms,
          sprint_mu_d1_horrors, sprint_mu_d2_genie, sprint_mu_d3_branching,
          sprint_mu_orc_legion, sprint_mu_elf_gauntlet, sprint_mu_hive_nellie,
          sprint_mu_lair_fedhas, sprint_mu_vaults_butterflies,
          sprint_mu_slime_circle, sprint_mu_swamp_cave, sprint_mu_shoals_archi,
          sprint_mu_blade_basic, sprint_mu_crypt_fortress,
          sprint_mu_tomb_spiral, sprint_mu_vestibule_basic,
          sprint_mu_gehenna_hellfire, sprint_mu_dis_giant,
          sprint_mu_tartarus_statrot, sprint_mu_cocytus_islands, sprint_mu_zot1]

Skill      XL: |  1  2  3  4  5  6  7  8 |
---------------+-------------------------+-----
Slings         | 6 8 9 10 14 | 14.9
Fighting       | 3 5 6 |  6.0
Armour         | 1 2 5 |  5.9
Dodging        | 3 4 |  4.1
Short Blades   | 1 |  1.7
Evocations     | 1 2 |  2.1
Spellcasting   | 2 |  2.6
Hexes          | 2 |  2.8
Ice Magic      | 2 |  2.8
Stealth        | |  1.7

Action                   |  1- 3 |  4- 6 |  7- 9 || total
-------------------------+-------+-------+-------++-------
Melee: Dagger            |    14 |    12 |    27 ||    53
 Fire: Hunting sling     |     9 |    35 |    14 ||    58
Evoke: Wand              |     1 |     3 |     2 ||     6
  Use: Potion            |       |     2 |     1 ||     3
 Stab: Sleeping          |       |       |     1 ||     1
Armor: Leather armour    |     2 |     7 |     4 ||    13
Dodge: Dodged            |     8 |    16 |     8 ||    32

Table legend: (Time is in decaauts)
 A = Elapsed time spent in this place.
 B = Non-inter-level travel time spent in this place.
 C = Inter-level travel time spent in this place.
 D = Time resting spent in this place.
 E = Time spent auto-exploring this place.
 F = Levels seen in this place.
 G = Mean time per level.
                   A        B        C        D        E       F      G
               +--------+--------+--------+--------+--------+-----+--------+
         Total |   1335 |   1335 |      0 |    933 |     14 |   1 | 1335.0 |
       Dungeon |   1335 |   1335 |      0 |    933 |     14 |   1 | 1335.0 |
               +--------+--------+--------+--------+--------+-----+--------+

Top non-repeatable levels by time:
       D: 1335 daAuts
